Map: Ruins of Seras

Players

ELE

  • Race: Terran Terran
  • League: Bronze

Evergreen - Winner!

  • Race: Zerg Zerg
  • League: Grandmaster

VOD

Have the link to the VOD?

Description

Time

  • Played on: July 27, 2015, 10:17 p.m.
  • Length: 12:08
Show
View Real Time Build Order
Export as new Build Order

ELE Terran 

Build Orders:  

Get SALT Encoding   

  12  0:01  SCV  
  13  0:13  SCV  
  14  0:25  SCV  
  15  0:36  Refinery  
  15  0:42  Refinery  
  15  1:00  Supply Depot  
  15  1:08  Supply Depot  
  15  1:22  SCV  
  15  1:25  Barracks  
  16  1:34  SCV  
  17  1:46  SCV  
  18  1:58  SCV  
  19  2:02  Engineering Bay  
  19  2:10  SCV  
  20  2:16  Factory  
  20  2:18  Barracks Reactor  
  20  2:23  SCV  
  21  2:31  Supply Depot  
  21  2:35  SCV  
  21  2:36  Supply Depot  
  22  2:47  SCV  
  23  2:54  Reaper x2  
  25  2:59  SCV  
  25  3:02  Missile Turret  
  26  3:07  Missile Turret  
  26  3:14  Missile Turret  
  26  3:41  Barracks Tech Lab, Widow Mine x2  
  30  3:51  Orbital Command  
  30  3:52  Starport  
  30  4:05  Marauder  
  32  4:10  Widow Mine x2  
  36  4:27  Marauder  
  36  4:30  Medivac  
  42  4:59  Marauder  
  44  5:02  Missile Turret  
  44  5:03  Hellion x2  
  46  5:07  Starport Tech Lab  
  46  5:24  Hellion x2  
  50  5:32  Starport  
  50  5:35  Armory  
  50  5:45  Hellion  
  50  5:46  Hellion  
  50  5:48  Cloaking Field  
  54  5:57  Fusion Core  
  54  6:07  Hellion x2  
  56  6:26  Starport Tech Lab  
  56  6:28  Hellion x2  
  56  6:30  Starport  
  60  6:34  Banshee  
  57  6:54  Banshee  
  47  6:59  Supply Depot  
  46  7:14  Hellion  
  39  7:34  Hyperflight Rotors  
  39  7:35  Hellion  
  41  7:38  Supply Depot  
  41  8:01  Banshee  
  44  8:10  Supply Depot, Factory Reactor  
  44  8:16  Starport Tech Lab  
  44  8:18  Marine  
  45  8:20  Supply Depot  
  37  8:36  Marine  
  35  8:43  Missile Turret  
  35  8:44  Viking x2, Missile Turret  
  36  8:54  Marine  
  37  9:02  Barracks, Widow Mine  
  39  9:04  Widow Mine  
  41  9:12  Marine  
  42  9:22  Missile Turret  
  42  9:30  Widow Mine, Marine  
  45  9:33  Widow Mine  
  41  9:59  Widow Mine  
  43  10:01  Widow Mine  
  45  10:19  Command Center  
  45  10:27  Widow Mine  
  45  10:30  Widow Mine  
  46  10:55  Missile Turret  
  46  11:00  Missile Turret  
  46  11:16  Barracks Reactor  
  46  11:20  Missile Turret  
  46  11:35  Refinery  
  46  11:39  SCV  
Show
View Real Time Build Order
Export as new Build Order

Evergreen Zerg - Winner!

Build Orders: Hatch First, Muta Ling Bane 

Get SALT Encoding   

  12  0:01  Drone  
  13  0:09  Drone  
  14  0:17  Overlord  
  14  0:42  Hatchery  
  14  0:45  Drone  
  14  0:49  Drone  
  15  0:53  Drone  
  16  1:11  Spawning Pool  
  15  1:12  Drone  
  15  1:16  Drone  
  17  1:20  Extractor  
  17  1:22  Drone  
  17  1:32  Drone  
  18  1:40  Drone  
  19  1:52  Overlord  
  19  1:56  Drone  
  19  1:58  Queen  
  19  2:01  Queen  
  22  2:07  Drone  
  22  2:08  Zergling x2  
  26  2:13  Drone  
  27  2:15  Drone  
  27  2:21  Drone  
  29  2:27  Drone  
  30  2:33  Drone  
  30  2:36  Metabolic Boost  
  31  2:40  Queen  
  31  2:43  Overlord  
  33  2:46  Drone  
  34  2:53  Drone  
  35  3:00  Drone  
  35  3:01  Overlord  
  36  3:11  Drone x7  
  43  3:17  Overlord  
  43  3:22  Extractor  
  43  3:25  Baneling Nest  
  41  3:42  Zergling x2  
  41  3:43  Zergling x20  
  52  3:51  Overlord x2  
  52  4:14  Drone x5  
  57  4:18  Lair  
  57  4:32  Evolution Chamber  
  57  4:33  Evolution Chamber  
  55  4:44  Hatchery  
  55  4:45  Overlord x2  
  54  4:46  Zergling x18  
  54  4:47  Zergling x2  
  64  5:02  Zerg Ground Armor Level 1, Zerg Melee Weapons Level 1  
  63  5:21  Centrifical Hooks  
  63  5:26  Spire  
  62  5:28  Zergling x2  
  62  5:29  Zergling x20  
  62  5:32  Baneling x2  
  73  5:38  Extractor  
  73  5:40  Extractor  
  73  5:42  Drone x3  
  74  5:43  Drone  
  74  5:44  Drone  
  74  5:45  Drone  
  77  5:58  Overlord x2  
  77  6:01  Baneling x6  
  77  6:10  Drone x5  
  82  6:29  Drone  
  82  6:30  Drone x7  
  82  6:32  Overlord  
  88  6:42  Baneling x2  
  88  6:43  Baneling x5  
  85  6:49  Extractor  
  85  6:51  Extractor  
  69  6:56  Mutalisk x4  
  71  7:16  Drone x2  
  71  7:17  Drone x4  
  71  7:18  Drone x4  
  71  7:19  Drone x6  
  71  7:20  Queen  
  86  7:35  Spore Crawler  
  86  7:36  Spore Crawler  
  82  7:37  Spore Crawler  
  72  7:55  Overseer  
  72  8:00  Zergling x40  
  84  8:23  Overseer  
  84  8:26  Mutalisk x8  
  100  8:42  Queen  
  100  8:52  Drone x3  
  100  8:53  Drone x5  
  100  8:55  Mutalisk x3  
  112  9:29  Mutalisk  
  112  9:31  Overlord x4  
  114  9:36  Hatchery  
  104  9:54  Pneumatized Carapace  
  104  10:04  Mutalisk x5  
  104  10:05  Mutalisk  
  104  10:06  Zergling x2  
  125  10:07  Zergling x36  
  129  10:35  Mutalisk x6  
  125  10:38  Zergling x2  
  125  10:40  Overlord x3  
  138  11:02  Queen  
  140  11:04  Hatchery  
  140  11:06  Zergling x26  
  140  11:07  Zergling x16  
  140  11:08  Zergling x2  
  161  11:16  Baneling  
  161  11:17  Baneling x7  
  161  11:18  Overlord  
  161  11:30  Drone x4  
  161  11:31  Drone x2  
Tags
 
Add a new tag
Caveats
  • Supply blocks, unpowered buildings, or Contaminate may cause inaccurate times.
  • Supply counts are checked every 10 seconds.